 Dungeon Crawl Stone Soup version 0.28-a0-932-g843f935a50 (console) character file.

Game seed: 6952699414444090757

93987 jejorda2 the Brawler (level 16, -2/153 HPs)
             Began as a Gargoyle Berserker on Nov 27, 2021.
             Was a High Priest of Trog.
             Slain by an orc knight (3 damage)
             ... on level 2 of the Orcish Mines.
             The game lasted 00:50:43 (24512 turns).

jejorda2 the Brawler (Gargoyle Berserker)          Turns: 24512, Time: 00:50:44

Health: -2/153     AC: 36    Str: 28    XL:     16   Next: 10%
Magic:  25/25      EV:  8    Int:  8    God:    Trog [*****.]
Gold:   1896       SH:  0    Dex: 15    Spells: 15/15 levels left

rFire   + . .      SeeInvis .     - Unarmed
rCold   + . .      Faith    .   (no shield)
rNeg    + . .      Spirit   .   f - +0 plate armour
rPois   ∞          Reflect  .   R - +2 helmet
rElec   +          Harm     .   t - scarf {shadows}
rCorr   .          Rampage  .   y - +0 pair of gloves
Will    ++...                   o - +2 pair of boots
Stlth   ..........              (no amulet)
HPRegen 0.35/turn               W - ring of Melee {rElec rF+ Str+2 Dex+6 Slay+5}
MPRegen 0.19/turn               j - ring "Luesam" {Contam rC+ Will+ MP+9 Slay+6}

@: berserking (expiring), flying, studying Bows, very quick
A: sickness immunity, AC +12, big wings, negative energy resistance 1,
electricity resistance, torment resistance 1, petrification resistance,
camouflage 1, weak 1
a: Renounce Religion, Berserk, Trog's Hand, Brothers in Arms


You were on level 2 of the Orcish Mines.
You worshipped Trog.
Trog was extremely pleased with you.
You visited 4 branches of the dungeon, and saw 21 of its levels.
You also visited: Ossuary, Gauntlet and Ice Cave.

You collected 1896 gold pieces.

Inventory:

Hand Weapons
 A - the +10 dagger "Zekanet" {antimagic, +Blink}
   (You found it on level 7 of the Dungeon)

   It reduces the magical energy of the wielder, and disrupts the spells and
   magical abilities of those it strikes.
   Natural abilities and divine invocations are not affected.
   +Blink:    It lets you blink.
Missiles
 b - 536 stones
 v - 14 boomerangs
 w - 6 throwing nets
 x - 5 javelins
 B - 3 boomerangs of dispersal
 C - 239 arrows
 P - 44 poisoned darts (quivered)
 S - 2 curare-tipped darts
 X - 4 silver javelins
Armour
 f - a +0 plate armour (worn)
 o - a +2 pair of boots (worn)
 t - a scarf of shadows (worn)
 y - a +0 pair of gloves (worn)
 R - a +2 helmet (worn)
Jewellery
 j - the ring "Luesam" (right hand) {Contam rC+ Will+ MP+9 Slay+6}
   (You found it on level 7 of the Dungeon)

   [ring of willpower]

   Slay:      It affects your accuracy & damage with ranged weapons and melee
   (+6).
   rC:        It protects you from cold.
   MP:        It affects your magic capacity (+9).
   Contam:    It causes magical contamination when unequipped.
   Will:      It increases your willpower.
 m - a ring of resist corrosion
 E - the ring "Miohuiqe" {rF+ Will+ Int+3}
   (You took it off a centaur on level 7 of the Dungeon)

   [ring of willpower]

   Int:       It affects your intelligence (+3).
   rF:        It protects you from fire.
   Will:      It increases your willpower.
 G - the ring "Huyraddulo" {rPois rC+ Slay+3 SInv}
   (You found it on level 7 of the Dungeon)

   [ring of see invisible]

   Slay:      It affects your accuracy & damage with ranged weapons and melee
   (+3).
   rC:        It protects you from cold.
   rPois:     It protects you from poison.
   SInv:      It lets you see invisible.
 W - the ring of Melee (left hand) {rElec rF+ Str+2 Dex+6 Slay+5}
   (You found it in a Gauntlet)

   [ring of dexterity]

   Str:       It affects your strength (+2).
   Dex:       It affects your dexterity (+6).
   Slay:      It affects your accuracy & damage with ranged weapons and melee
   (+5).
   rF:        It protects you from fire.
   rElec:     It insulates you from electricity.
Wands
 g - a wand of mindburst (21)
 s - a wand of charming (21)
 H - a wand of paralysis (19)
 I - a wand of iceblast (51)
 M - a wand of flame (67)
 N - a wand of polymorph (7)
Scrolls
 c - a scroll of enchant armour
 i - 9 scrolls of teleportation
 p - a scroll of magic mapping
 F - 3 scrolls of blinking
 K - 4 scrolls of fear
 L - a scroll of silence
 Q - 3 scrolls of fog
 U - 3 scrolls of summoning
Potions
 a - 2 potions of magic
 d - 3 potions of mutation
 e - 4 potions of attraction
 h - 13 potions of curing
 k - 3 potions of invisibility
 l - 8 potions of ambrosia
 n - 9 potions of heal wounds
 q - a potion of resistance
 r - 2 potions of haste
 D - 3 potions of cancellation
 O - 2 potions of might
Miscellaneous
 u - a condenser vane
 z - a tin of tremorstones (2/2)
 Y - a lightning rod (4/4)


   Skills:
 - Level 12.3 Fighting
 + Level 12.3 Throwing
 + Level 12.3 Armour
 - Level 1.5 Dodging
 - Level 3.0 Stealth
 + Level 16.3 Unarmed Combat
 - Level 8.0 Evocations


You had 15 spell levels left.
You didn't know any spells.
Your spell library was empty.

Dungeon Overview and Level Annotations

Branches:
Dungeon (12/15)            Temple (1/1) D:5            Lair (6/6) D:11
 Shoals (0/4) Lair:3        Snake (0/4) Lair:3        Slime (0/5) Lair:6
    Orc (2/2) D:9         Ossuary (visited)           IceCv (visited)
Gauntlet (visited)
    Elf: Orc:2

Altars:
Cheibriados
Dithmenos
Fedhas
Kikubaaqudgha
Trog
Uskayaw
Vehumet

Shops:
D:10 *   Orc:1 =   Orc:2 *

Annotations:
Lair:2 3 runed translucent doors, Reubyar's ghost, journeyman MiBe


Innate Abilities, Weirdness & Mutations

You are immune to sickness and miasma.
Your stone body is resilient. (AC +12)
You are immune to poison.
Your large and strong wings let you fly.
You resist negative energy. (rN+)
You are resistant to electric shocks. (rElec)
You are resistant to unholy torment.
You are immune to petrification.
Your skin changes colour to match your surroundings (Stealth+).
You are weak. (Str -2)


Message History

The orange demon disappears in a puff of smoke!
The smoke demon disappears in a puff of smoke!
The orc knight unwields a +2 dire flail.
The orc knight wields a +0 arbalest.
The orc knight shoots a bolt.
The bolt misses you.
The bolt hits the orc high priest!!
The orc high priest barely misses you.
Training target 3.0 for Stealth reached!
Your Stealth skill increases to level 3!
You pummel the orc high priest like a punching bag!!!
The orc high priest is severely wounded.
You hear a shout!
The orc warrior hits you with a +0 glaive!
The orc high priest closely misses you.
You closely miss the orc high priest. Your punch misses the orc high priest.
The orc high priest is severely wounded.
You pummel the orc high priest!!
You kill the orc high priest!
Trog accepts your kill.
The rust devil disappears in a puff of smoke!
The neqoxec disappears in a puff of smoke!
The orc high priest utters an invocation to Beogh.
The orc knight hits you with a +1 battleaxe of flaming!!
The orc knight burns you. The orc warrior barely misses you.
You punch the orc high priest!
The orc high priest is severely wounded.
The orc warrior hits you from afar with a +0 halberd!!
The orc knight hits you with a +0 war axe!!
* * * LOW HITPOINT WARNING * * *
You pummel the orc high priest!!
You kill the orc high priest!
Trog accepts your kill.
The smoke demon disappears in a puff of smoke!
The neqoxec disappears in a puff of smoke!
The orc knight hits you with a +1 battleaxe of flaming!!
* * * LOW HITPOINT WARNING * * *
The orc knight burns you.
* * * LOW HITPOINT WARNING * * *
The orc knight unwields a +0 arbalest.
The orc knight wields a +2 dire flail.
The orc knight hits you with a +2 dire flail.
You die...

########.###########............
######.###### #............
#...........### #............
..####.####...## #............
#.######..###............
#.#...###..##............
#.#..§§§##.##............
#.#..§{o)#)##............ ...
#§@o§##.........†..
##oo###............ #.o#
#............ ...o#
#............ {o##..#
#............ .# ..##
#............ .∩## #............
## #............ #............


You could see 3 orc knights, 2 orc warriors and an orc wizard (strong).

Vanquished Creatures
  Rupert (Lair:5)
  A frost giant (IceCv)
  A minotaur (Gauntlet)
  2 dire elephants (Lair:6)
  Fannar (Lair:1)
  3 boulder beetles
  Harold (D:6)
  3 hydras
  A catoblepas (Lair:6)
  A tengu warrior (D:11)
  7 death yaks (IceCv)
  3 two-headed ogres
  4 orc high priests (Orc:2)
  2 lindwurms (Lair:6)
  A deep elf pyromancer (D:12)
  An orc knight (Orc:2)
  5 orc sorcerers
  4 manticores
  3 cyclopes
  The ghost of Libra00 the Grappler, a novice TrBe of Trog (D:4)
  6 black mambas
  An ice statue (IceCv)
  An elephant (Gauntlet)
  Joseph (Lair:1)
  8 cane toads
  15 rime drakes
  2 minotaur zombies (Gauntlet)
  8 komodo dragons
  5 kobold demonologists
  A tyrant leech (Gauntlet)
  6 polar bears
  3 trolls
  A wind drake (Lair:3)
  A queen bee (Lair:3)
  14 dream sheep
  12 blink frogs
  A meliai zombie (D:11)
  Sigmund (D:3)
  A wraith (Ossuary)
  A vampire (D:7)
  2 shadows (D:7)
  4 basilisks
  6 wyverns
  52 yaks
  Eustachio (D:5)
  5 vampire mosquitoes
  Menkaure (D:7)
  3 swamp worms (Gauntlet)
  2 acid dragons
  3 wargs (D:9)
  3 nagas (Lair:3)
  The ghost of timneilson the Shield-Bearer, an amateur GrFi (D:3)
  15 water moccasins
  22 orc warriors
  4 sky beasts
  2 black bears
  12 ogres
  25 wolves
  2 phantoms
  5 centaurs
  8 bullfrogs
  A gnoll sergeant (D:7)
  3 scorpions
  A water moccasin zombie (D:6)
  2 water moccasin skeletons
  18 wights
  32 killer bees
  An electric eel (Lair:2)
  3 howler monkeys
  A bullfrog zombie (D:5)
  A centaur zombie (D:9)
  16 orc priests
  A centaur skeleton (D:6)
  A hound (D:7)
  A human zombie (Ossuary)
  Crazy Yiuf (D:3)
  6 jellies
  A gnoll shaman (D:5)
  Jessica (D:3)
  Natasha (thrice) (D:3)
  3 iguanas
  11 orc wizards
  Terence (D:2)
  A killer bee zombie (D:7)
  2 hound skeletons
  4 mummies
  2 howler monkey zombies
  5 adders
  19 gnolls
  A white imp (D:6)
  An ufetubus (D:5)
  An adder zombie (D:5)
  7 worms
  3 dart slugs
  61 orcs
  7 ball pythons
  8 endoplasms
  6 giant cockroaches
  A gnoll zombie (Ossuary)
  4 hobgoblins
  14 jackals
  4 quokkas
  4 bats
  2 frilled lizards (D:3)
  9 goblins
  4 goblin zombies
  3 hobgoblin zombies
  9 kobolds
  3 kobold zombies (Ossuary)
  5 rats
612 creatures vanquished.

Vanquished Creatures (collateral kills)
  A dire elephant (Gauntlet)
  2 elephants (Gauntlet)
3 creatures vanquished.

Vanquished Creatures (others)
  An orc (Orc:1)
  20 fungi
  40 plants
  2 withered plants (D:3)
63 creatures vanquished.

Grand Total: 678 creatures vanquished

Notes
Turn   | Place    | Note
-------+----------+-------------------------------------------
     0 | D:1      | jejorda2 the Gargoyle Berserker began the quest for the
                  | Orb.
     0 | D:1      | Reached XP level 1. HP: 14/14 MP: 1/1
   220 | D:1      | Reached XP level 2. HP: 19/19 MP: 2/2
   544 | D:1      | Reached skill level 4 in Unarmed Combat
   767 | D:1      | Reached XP level 3. HP: 23/23 MP: 3/3
  1379 | D:2      | Found a hide-covered altar of Uskayaw.
  1580 | D:2      | Found a faded altar of an unknown god.
  1767 | D:2      | Noticed Terence
  1780 | D:2      | Killed Terence
  1781 | D:2      | Reached skill level 5 in Unarmed Combat
  1781 | D:2      | Reached XP level 4. HP: 28/28 MP: 4/4
  1785 | D:2      | Reached ** piety under Trog
  2070 | D:3      | Noticed Natasha
  2084 | D:3      | Killed Natasha
  2131 | D:3      | Noticed Natasha
  2172 | D:3      | Found a runed translucent door.
  2172 | D:3      | Noticed timneilson's ghost (amateur GrFi)
  2182 | D:3      | Reached XP level 5. HP: 26/32 MP: 5/5
  2250 | D:3      | Killed Natasha
  2283 | D:3      | Found the +9 staff of Olgreb {rPois∞}
  2347 | D:3      | Noticed Jessica
  2359 | D:3      | Killed Jessica
  2360 | D:3      | Reached skill level 6 in Unarmed Combat
  2491 | D:3      | Noticed Sigmund
  2513 | D:3      | Killed Sigmund
  2514 | D:3      | Reached skill level 7 in Unarmed Combat
  2514 | D:3      | Reached XP level 6. HP: 37/37 MP: 6/6
  2599 | D:3      | Noticed Natasha
  2611 | D:3      | Killed Natasha
  2878 | D:3      | Found a runed translucent door.
  2879 | D:3      | Noticed Crazy Yiuf
  2886 | D:3      | Killed Crazy Yiuf
  2887 | D:3      | Reached XP level 7. HP: 42/42 MP: 7/7
  3192 | D:3      | Killed timneilson's ghost
  3596 | D:4      | Reached skill level 8 in Unarmed Combat
  3754 | D:4      | Noticed Libra00's ghost (novice TrBe)
  3761 | D:4      | Found a runed translucent gate.
  3761 | D:4      | Found a runed translucent gate.
  3762 | D:4      | Found a runed translucent gate.
  3770 | D:4      | Reached XP level 8. HP: 40/48 MP: 8/8
  4214 | D:4      | Killed Libra00's ghost
  4215 | D:4      | Reached skill level 5 in Fighting
  4221 | D:4      | Reached skill level 9 in Unarmed Combat
  4366 | D:5      | Entered Level 5 of the Dungeon
  4424 | D:5      | Found a sand-covered staircase.
  4433 | Ossuary  | Entered an ossuary
  4433 | Ossuary  | Noticed a wraith
  4433 | Ossuary  | Noticed a wraith
  4433 | Ossuary  | Noticed a wraith
  4513 | Ossuary  | Reached *** piety under Trog
  4618 | Ossuary  | Noticed a wraith
  4630 | Ossuary  | Killed a wraith
  4631 | Ossuary  | Reached skill level 5 in Armour
  5212 | D:5      | Reached XP level 9. HP: 42/55 MP: 9/9
  5254 | D:5      | Found a staircase to the Ecumenical Temple.
  5256 | D:5      | Noticed Eustachio
  5273 | Temple   | Entered the Ecumenical Temple
  5391 | D:5      | Killed Eustachio
  5435 | D:5      | Reached skill level 10 in Unarmed Combat
  5463 | D:5      | Found a blossoming altar of Fedhas.
  5806 | D:5      | Found a shadowy altar of Dithmenos.
  5941 | D:5      | Found a radiant altar of Vehumet.
  6164 | D:6      | Reached **** piety under Trog
  6575 | D:6      | Noticed a moth of wrath
  6578 | D:6      | Found a bloodstained altar of Trog.
  7049 | D:7      | Noticed Harold
  7071 | D:6      | Killed Harold
  7072 | D:6      | Reached skill level 11 in Unarmed Combat
  7072 | D:6      | Reached XP level 10. HP: 24/64 MP: 10/10
  7599 | D:7      | Reached ***** piety under Trog
  7640 | D:7      | Noticed Menkaure
  7652 | D:7      | Killed Menkaure
  7753 | D:7      | Noticed a cyclops
  7753 | D:7      | Identified the ring "Miohuiqe" {rF+ Will+ Int+3}
  7754 | D:7      | Identified the ring "Vowyxiaq" {Drain Fly Int+2 Dex+2}
  7760 | D:7      | Killed a cyclops
  7761 | D:7      | Reached skill level 12 in Unarmed Combat
  7771 | D:7      | Identified the +6 trident "Impbane" {vorpal, rN+ Will+
                  | SInv} (Trog gifted it to you on level 7 of the Dungeon)
  7771 | D:7      | Received a gift from Trog
  7844 | D:7      | Identified the +10 dagger "Zekanet" {antimagic, +Blink}
  7907 | D:7      | Reached skill level 1 in Evocations
  8415 | D:7      | Identified the ring "Huyraddulo" {rPois rC+ Slay+3 SInv}
  8421 | D:7      | Identified the ring "Luesam" {Contam rC+ Will+ MP+9 Slay+6}
  8524 | D:7      | Noticed a boulder beetle
  8534 | D:7      | Killed a boulder beetle
  8535 | D:7      | Reached XP level 11. HP: 45/69 MP: 11/11
  8815 | D:8      | Gained mutation: Your body sometimes deteriorates upon
                  | taking damage. [a neqoxec]
  8818 | D:8      | Gained mutation: You occasionally shout uncontrollably at
                  | your foes. [a neqoxec]
  8990 | D:8      | Noticed a sixfirhy
  8997 | D:7      | Reached skill level 5 in Evocations
  9205 | D:8      | Noticed a boulder beetle
  9213 | D:8      | Noticed a cyclops
  9219 | D:8      | Noticed a manticore
  9223 | D:8      | Killed a boulder beetle
  9224 | D:8      | Reached skill level 13 in Unarmed Combat
  9225 | D:8      | Killed a cyclops
  9228 | D:8      | Killed a manticore
  9943 | D:8      | Noticed a boulder beetle
  9951 | D:8      | Killed a boulder beetle
 10139 | D:8      | Found a snail-covered altar of Cheibriados.
 10640 | D:9      | Noticed a two-headed ogre
 10645 | D:9      | Killed a two-headed ogre
 10763 | D:9      | Reached XP level 12. HP: 62/75 MP: 12/12
 11103 | D:9      | Noticed a sun demon
 11126 | D:9      | Reached skill level 14 in Unarmed Combat
 11242 | D:9      | Found a staircase to the Orcish Mines.
 11506 | D:10     | Entered Level 10 of the Dungeon
 11514 | D:10     | Noticed a two-headed ogre
 11522 | D:10     | Killed a two-headed ogre
 11523 | D:10     | Reached skill level 1 in Throwing
 11829 | D:10     | Noticed a two-headed ogre
 11837 | D:10     | Killed a two-headed ogre
 12209 | D:10     | Found Miely's General Store.
 12336 | D:10     | Found an ancient bone altar of Kikubaaqudgha.
 13230 | D:11     | Noticed a tengu warrior
 13237 | D:11     | Killed a tengu warrior
 13295 | D:11     | Found a staircase to the Lair.
 13719 | D:11     | Received a gift from Trog
 14122 | D:12     | Reached skill level 5 in Throwing
 14158 | Lair:1   | Entered Level 1 of the Lair of Beasts
 14436 | Lair:1   | Noticed Fannar
 14453 | Lair:1   | Killed Fannar
 14585 | Lair:1   | Noticed Joseph
 14593 | Lair:1   | Killed Joseph
 14594 | Lair:1   | Reached XP level 13. HP: 76/81 MP: 13/13
 15279 | Lair:1   | Reached skill level 10 in Fighting
 16331 | Lair:2   | Found a runed translucent gate.
 16331 | Lair:2   | Found a runed translucent gate.
 16331 | Lair:2   | Found a runed translucent gate.
 16364 | Lair:2   | Reached skill level 15 in Unarmed Combat
 16730 | Lair:2   | Noticed Reubyar's ghost (journeyman MiBe)
 16771 | Lair:3   | Found a gate leading to a gauntlet.
 16780 | Gauntlet | Entered a Gauntlet
 16780 | Gauntlet | Found a transporter.
 16780 | Gauntlet | Found a transporter.
 16780 | Gauntlet | Found a transporter.
 16780 | Gauntlet | Found a transporter.
 16784 | Gauntlet | Found a transporter.
 16792 | Gauntlet | Noticed a dire elephant
 16794 | Gauntlet | Found a transporter.
 16798 | Gauntlet | Found a transporter.
 16860 | Gauntlet | Found a transporter.
 16872 | Gauntlet | Found a transporter.
 16886 | Gauntlet | Found a transporter.
 16896 | Gauntlet | Found a transporter.
 16911 | Gauntlet | Found a transporter.
 17062 | Gauntlet | Identified the +0 hat of Marbles {Regen+ Str-3 Slay+2}
 17174 | Gauntlet | Reached skill level 10 in Armour
 17175 | Gauntlet | Killed a dire elephant
 17194 | Gauntlet | Identified the ring of Melee {rElec rF+ Str+2 Dex+6 Slay+5}
 17228 | Gauntlet | Noticed a minotaur
 17238 | Gauntlet | Killed a minotaur
 17552 | Lair:3   | Identified the +6 dagger of Outrage {vorpal, *Corrode rN+
                  | Str+4 Dex+5} (Trog gifted it to you on level 3 of the Lair
                  | of Beasts)
 17552 | Lair:3   | Received a gift from Trog
 17761 | Lair:3   | Found a staircase to the Snake Pit.
 17912 | Lair:3   | Found a staircase to the Shoals.
 18516 | Lair:4   | Found a frozen archway.
 18592 | IceCv    | Entered an ice cave
 18604 | IceCv    | Gained mutation: Your large and strong wings let you fly.
                  | [Gargoyle growth]
 18604 | IceCv    | Reached XP level 14. HP: 90/90 MP: 14/14
 18902 | IceCv    | Reached skill level 10 in Throwing
 18902 | IceCv    | Reached XP level 15. HP: 95/95 MP: 15/15
 19041 | IceCv    | Noticed a frost giant
 19057 | IceCv    | Killed a frost giant
 19182 | IceCv    | Received a gift from Trog
 20508 | Lair:5   | Noticed Rupert
 20520 | Lair:5   | Killed Rupert
 21271 | Lair:6   | Entered Level 6 of the Lair of Beasts
 21319 | Lair:6   | Reached skill level 16 in Unarmed Combat
 21421 | Lair:6   | Identified the +6 rapier of Zuunkuze {spect, Drain rElec
                  | Int+8 Stlth+}
 21563 | Lair:6   | Found a staircase to the Slime Pits.
 23050 | Lair:6   | Lost mutation: Your body sometimes deteriorates upon taking
                  | damage. [potion of mutation]
 23050 | Lair:6   | Lost mutation: You occasionally shout uncontrollably at
                  | your foes. [potion of mutation]
 23050 | Lair:6   | Gained mutation: You are weak. (Str -2) [potion of
                  | mutation]
 23050 | Lair:6   | Gained mutation: Your skin changes colour to match your
                  | surroundings (Stealth+). [potion of mutation]
 23475 | Orc:1    | Entered Level 1 of the Orcish Mines
 23806 | Orc:1    | Received a gift from Trog
 23892 | Orc:1    | Found Xarghetyr's Jewellery Shop.
 24010 | Orc:2    | Entered Level 2 of the Orcish Mines
 24111 | Orc:2    | Reached skill level 1 in Stealth
 24223 | Orc:2    | Reached XP level 16. HP: 102/102 MP: 16/16
 24491 | Orc:2    | Found Fuggyere's General Store.
 24512 | Orc:2    | HP: 6/153 [orc knight (22)]
 24512 | Orc:2    | HP: 1/153 [orc knight (5)]
 24512 | Orc:2    | Slain by an orc knight

Illustrated notes

Levels and vault maps discovered:
D:1:      ebering_trefoil_twist, layout_basic, supply_closet_lemuel,
          minivault_26
D:2:      layout_basic, basic_altar, chequers_ecumenical_altar_grove,
          minivault_14, grunt_ministairs_3, uniq_terence
D:3:      layout_rooms, gammafunk_ghost_grave, minmay_checkerbox, uniq_jessica,
          uniq_sigmund, uniq_natasha, uniq_crazy_yiuf_cottage
D:4:      layout_basic, gammafunk_ghost_split
D:5:      layout_gridville, lemuel_tele_altar, nicolae_vehumet_altar_sigil,
          fedhas_bush_and_centaur_altar, minmay_temple_entry_gardened_gates,
          nicolae_ossuary_entry_giza, grunt_ministairs_8,
          chequers_serial_rivers_micro_b, uniq_eustachio
D:6:      layout_rooms, tgw_trog
D:7:      minmay_the_grid_triangle_9x9_recursive_2
          [minmay_the_grid_triangle_9x9_prize_special,
          minmay_the_grid_triangle_9x9_sprig,
          minmay_the_grid_triangle_9x9_shrine,
          minmay_the_grid_triangle_9x9_corrupted_corridor], layout_basic,
          uniq_harold, uniq_menkaure
D:8:      minmay_bloctagon_deflated, layout_basic, kennysheep_slug_shrine
D:9:      layout_loops_corners, david_orc_1_choice
D:10:     layout_irregular_city, lemuel_doored_altar, serial_shops,
          nicolae_shop_advertising_works [nicolae_subvault_shop_adworks]
D:11:     layout_roguey, david_lair_generic, special_room [special_room_orc]
D:12:     layout_gridville, serial_shops, shop, corexii_leaking_fountain,
          uniq_maurice
Temple:   eino_temple_scatter_basement
Lair:1:   layout_cave_pods, grunt_forest_small_clearing_treed, uniq_joseph,
          uniq_fannar
Lair:2:   layout_gridlike, ebering_ghost_rock_garden, grunt_megastairs_4,
          serial_bayou_shore_a
Lair:3:   layout_roguey, minmay_shoals_entry_beasts,
          guppyfry_snake_entry_garden, gauntlet_entry_generic, special_room
          [special_room_bee]
Lair:4:   layout_long_grid, portal_ice_cave_rime
Lair:5:   layout_misc_corridors, lemuel_fruit_fields, lemuel_fruit_tree,
          uniq_rupert
Lair:6:   hangedman_lair_in_review, layout_layer_cave,
          nicolae_slime_entry_slimehenge
Orc:1:    layout_caves, serial_shops, shop
Orc:2:    st_orc_elflike, layout_diamond_mine, serial_shops, shop_fountains

Skill      XL: |  1  2  3  4  5  6  7  8  9 10 11 12 13 14 15 16 |
---------------+-------------------------------------------------+-----
Unarmed Combat | 4 5 7 8 9 11 12 13 14 15 16 | 16.3
Fighting       | 4 6 7 8 9 11 12 | 12.3
Armour         | 4 5 7 8 9 10 11 12 | 12.3
Evocations     | 3 8 |  8.0
Throwing       | 5 8 10 12 | 12.3
Stealth        | 1 3 |  3.0
Dodging        | |  1.5

Action                   |  1- 3 |  4- 6 |  7- 9 | 10-12 | 13-15 | 16-18 || total
-------------------------+-------+-------+-------+-------+-------+-------++-------
Melee: Unarmed           |   112 |   131 |   389 |   541 |   702 |    53 ||  1928
       Punch             |     2 |     3 |    19 |    35 |    58 |     5 ||   122
Throw: Stone             |       |     4 |       |    26 |    31 |       ||    61
       Dart              |       |       |       |     2 |    74 |     3 ||    79
Invok: Berserk           |     2 |     3 |     6 |     4 |     9 |     1 ||    25
       Trog's Hand       |       |     2 |       |     2 |       |       ||     4
       Brothers in Arms  |       |       |       |       |     1 |       ||     1
Evoke: Wand              |       |       |       |       |     1 |       ||     1
  Use: Scroll            |       |       |    18 |     8 |     2 |       ||    28
       Potion            |       |       |       |       |     3 |       ||     3
Armor: Animal skin       |    10 |       |       |       |       |       ||    10
       Ring mail         |    24 |     1 |       |       |       |       ||    25
       Scale mail        |       |    59 |     9 |       |       |       ||    68
       Plate armour      |       |       |   211 |   405 |   503 |    49 ||  1168
Dodge: Dodged            |    62 |    55 |   124 |   175 |   244 |    27 ||   687

Table legend: (Time is in decaauts)
 A = Elapsed time spent in this place.
 B = Non-inter-level travel time spent in this place.
 C = Inter-level travel time spent in this place.
 D = Time resting spent in this place.
 E = Time spent auto-exploring this place.
 F = Levels seen in this place.
 G = Mean time per level.
                   A        B        C        D        E       F      G
               +--------+--------+--------+--------+--------+-----+--------+
         Total |  24251 |  22973 |   1278 |   2482 |  16646 |  24 | 1010.5 |
       Dungeon |  14050 |  13080 |    970 |   1112 |   9815 |  12 | 1170.8 |
        Temple |    120 |    120 |      0 |    118 |      0 |   1 |  120.0 |
          Lair |   7522 |   7225 |    297 |    779 |   5492 |   6 | 1253.7 |
  Orcish Mines |    707 |    696 |     11 |     37 |    485 |   2 |  353.5 |
       Ossuary |    440 |    440 |      0 |     46 |    254 |   1 |  440.0 |
      Ice Cave |    844 |    844 |      0 |    172 |    419 |   1 |  844.0 |
      Gauntlet |    565 |    565 |      0 |    215 |    181 |   1 |  565.0 |
               +--------+--------+--------+--------+--------+-----+--------+

Top non-repeatable levels by time:
  Lair:6: 1953 daAuts
     D:7: 1739 daAuts
     D:9: 1708 daAuts
    D:11: 1439 daAuts
     D:3: 1334 daAuts
  Lair:1: 1318 daAuts
    D:10: 1298 daAuts
     D:1: 1247 daAuts
  Lair:4: 1165 daAuts
  Lair:2: 1160 daAuts
     D:6: 1155 daAuts
     D:5: 1146 daAuts
  Lair:3: 1099 daAuts
     D:8: 1097 daAuts
     D:4: 1032 daAuts
